 Dungeon Crawl Stone Soup version 0.20.1-1-g8b1a95d (webtiles) character file.

4748 greprep the Cleaver (level 10, 0/88 HPs)
             Began as a Minotaur Fighter on July 19, 2017.
             Was a Follower of Ashenzari.
             Slain by an eight-headed hydra (6 damage)
             ... on level 8 of the Dungeon.
             The game lasted 00:21:22 (8408 turns).

greprep the Cleaver (Minotaur Fighter)              Turns: 8408, Time: 00:21:23

Health: 0/88       AC: 13    Str: 20    XL:     10   Next: 23%
Magic:  9/9        EV: 13    Int:  8    God:    Ashenzari [*.....]
Gold:   513        SH: 11    Dex: 16    Spells: 8/9 levels left

rFire    . . .     SeeInvis .   a - +0 war axe
rCold    + . .     Gourm    +   c - +0 shield
rNeg     . . .     Faith    .   B - +1 ring mail of the Sun {rC+} (curse)
rPois    +         Spirit   .   (helmet restricted)
rElec    .         Reflect  .   y - +2 cloak
rCorr    .         Harm     .   p - +0 pair of gloves
MR       .....                  A - +0 pair of boots
Stlth    +.........             C - amulet of the gourmand
Regen    0.3/turn               D - ring of poison resistance (curse)
MPRegen  0.2/turn               r - +5 ring of dexterity (curse)

@: no status effects
A: retaliatory headbutt, horns 2
a: Curse Item, Scrying, Renounce Religion


You were on level 8 of the Dungeon.
You worshipped Ashenzari.
Ashenzari was aware of your devotion.
You were not hungry.

You visited 2 branches of the dungeon, and saw 10 of its levels.
You also visited: Sewer.

You collected 513 gold pieces.

Inventory:

Hand Weapons
 a - a +0 war axe (weapon)
Armour
 c - a +0 shield (worn)
 p - a +0 pair of gloves (worn)
 y - a +2 cloak (worn)
 A - a +0 pair of boots (worn)
 B - the cursed +1 ring mail of the Sun (worn) {rC+}
   (You found it on level 5 of the Dungeon)

   It protects you from cold.
   It has a curse placed upon it.
 K - +0 steam dragon scales
Jewellery
 k - an uncursed ring of protection from cold
 r - a cursed +5 ring of dexterity (right hand)
 C - an amulet of the gourmand (around neck)
 D - a cursed ring of poison resistance (left hand)
Wands
 d - a wand of flame (5/48)
 x - a wand of flame (26/48)
 E - a wand of enslavement (7/24)
Scrolls
 b - a scroll of teleportation {unknown}
 g - 3 scrolls of fog
 h - 3 scrolls of recharging
 q - 3 scrolls of amnesia
 u - a scroll of fear {unknown}
 v - a scroll of magic mapping {unknown}
 J - a scroll of enchant armour {unknown}
Potions
 j - a potion of flight {unknown}
 n - a potion of cancellation {unknown}
 o - 4 potions of curing
 s - 3 potions of mutation
 t - 3 potions of lignification
 w - 3 potions of magic {unknown}
 z - a potion of heal wounds
 H - 2 potions of degeneration {unknown}
Books
 e - a Young Poisoner's Handbook

   Spells                             Type                      Level
   a - Sting                          Conjuration/Poison           1
   b - Poisonous Vapours              Poison/Air                   2
   c - Mephitic Cloud                 Conjuration/Poison/Air       3
   d - Olgreb's Toxic Radiance        Poison                       4
   e - Venom Bolt                     Conjuration/Poison           5
 l - a book of Misfortune

   Spells                             Type                      Level
   a - Confusing Touch                Hexes                        1
   b - Confuse                        Hexes                        3
   c - Gell's Gravitas                Translocation                3
   d - Petrify                        Transmutation/Earth          4
   e - Metabolic Englaciation         Hexes/Ice                    5
   f - Yara's Violent Unravelling     Hexes/Transmutation          5
 m - a book of Necromancy

   Spells                             Type                      Level
   a - Pain                           Necromancy                   1
   b - Animate Skeleton               Necromancy                   1
   c - Vampiric Draining              Necromancy                   3
   d - Regeneration                   Charms/Necromancy            3
   e - Animate Dead                   Necromancy                   4
   f - Control Undead                 Necromancy                   4
 I - a book of Frost

   Spells                             Type                      Level
   a - Freeze                         Ice                          1
   b - Throw Frost                    Conjuration/Ice              2
   c - Ozocubu's Armour               Charms/Ice                   3
   d - Throw Icicle                   Conjuration/Ice              4
   e - Summon Ice Beast               Ice/Summoning                4
Comestibles
 f - 5 bread rations
 i - 5 meat rations
 G - a royal jelly


   Skills:
 * Level 8.2 Fighting
 + Level 11.1 Axes
 + Level 7.7 Armour
 + Level 5.4 Dodging
 + Level 8.6 Shields
 - Level 1.1 Hexes


You had 8 spell levels left.
You knew the following spells:

 Your Spells              Type           Power        Failure   Level  Hunger
a - Confusing Touch       Hex            #.....       69%         1    ##.....


Dungeon Overview and Level Annotations

Branches:
Dungeon (9/15)             Temple (1/1) D:6
   Lair: D:8-11         Orc: D:9-12

Altars:
Ashenzari
Cheibriados
Dithmenos
Elyvilon
Fedhas
Gozag
Hepliaklqana
Kikubaaqudgha
Makhleb
Nemelex Xobeh
Okawaru
Qazlal
Ru
Sif Muna
Trog
Uskayaw
Vehumet
Xom
Yredelemnul
Zin
The Shining One


Innate Abilities, Weirdness & Mutations

You reflexively headbutt those who attack you in melee.
You have a pair of horns on your head.


Message History

The eight-headed hydra barely misses you.
The eight-headed hydra closely misses you. x2
The eight-headed hydra bites you but does no damage.
The eight-headed hydra bites you!
* * * LOW HITPOINT WARNING * * *
You block the eight-headed hydra's attack. x2
A mysterious force pulls you upwards. The hatch slams shut behind you.
Casting: Confusing Touch
Confirm with . or Enter, or press ? or * to list all spells.
Okay, then.
Evoke which item? (* to show all) (? for menu, Esc to quit)
Aiming: Enslavement (will waste charges)
Press: ? - help, Shift-Dir - straight line, f - eight-headed hydra
Aim: an eight-headed hydra (chance to defeat MR: 15%)
The eight-headed hydra resists with almost no effort.
Evoking this partially-identified wand wasted a few charges.
The eight-headed hydra bites you!
* * * LOW HITPOINT WARNING * * *
The eight-headed hydra bites you.
You die...

..# ##.#.#..).......)#####.#
#.#####...#(.)##......#####.#
#........(....##............#
#######(..#.#.##......#######
..# #.#.#.#.##......# #.#
#.[...#.##......# #.#
###.###+##......# #.#
#.............### #.#
#.##......@D..#
#.#####.##........[.#
#.#...#.###......(..#####
..##..#.# #.............#
...#..#.###...####......#
##.#..#........# #).....#
##.#.##......>.# #......#
.......รท......)# #......#
....<#.........###......#


You could see an eight-headed hydra.

Vanquished Creatures
  A two-headed ogre (D:8)
  An unseen horror (D:9)
  Eustachio (D:5)
  A hungry ghost (D:8)
  A steam dragon (D:9)
  A water moccasin (D:9)
  An orc warrior (D:7)
  3 necrophages
  An ice beast (D:7)
  2 sky beasts
  A phantom (D:4)
  A black bear (D:7)
  6 centaurs
  An ogre (D:7)
  A crocodile (Sewer)
  A bullfrog (D:9)
  A big kobold (D:7)
  A wyvern skeleton (D:9)
  2 scorpions
  2 howler monkeys (D:8)
  6 crimson imps
  Crazy Yiuf (D:4)
  2 bullfrog skeletons
  2 hounds (D:7)
  2 jellies (D:8)
  6 orc priests
  A bullfrog zombie (D:6)
  A centaur skeleton (D:7)
  6 orc wizards
  3 iguanas
  5 worker ants
  A worker ant zombie (D:8)
  A howler monkey zombie (D:7)
  5 adders
  4 gnolls
  2 river rats (D:5)
  2 shadow imps
  An ooze (D:3)
  2 adder skeletons (D:4)
  4 worms
  A dart slug (D:1)
  6 leopard geckos
  20 orcs
  7 bats
  6 giant cockroaches
  6 goblins
  12 hobgoblins
  13 jackals
  3 quokkas
  A ball python (D:6)
  6 frilled lizards
  14 kobolds
  A leopard gecko skeleton (D:7)
  2 quokka skeletons
  5 rats
190 creatures vanquished.

Notes
Turn   | Place    | Note
-------+----------+-------------------------------------------
     0 | D:1      | greprep the Minotaur Fighter began the quest for the Orb.
     0 | D:1      | Reached XP level 1. HP: 19/19 MP: 0/0
   178 | D:1      | Reached XP level 2. HP: 27/27 MP: 1/1
   943 | D:1      | Reached XP level 3. HP: 33/33 MP: 2/2
  1082 | D:1      | Reached skill level 3 in Axes
  1087 | D:1      | Reached XP level 4. HP: 21/40 MP: 3/3
  1307 | D:2      | Reached skill level 1 in Dodging
  1806 | D:3      | Found a shadowy altar of Dithmenos.
  2361 | D:4      | Noticed a phantom
  2374 | D:4      | Killed a phantom
  2374 | D:4      | Reached skill level 5 in Shields
  2374 | D:4      | Reached XP level 5. HP: 47/47 MP: 4/4
  2452 | D:4      | Reached skill level 4 in Axes
  2823 | D:4      | Found an opulent altar of Gozag.
  3055 | D:4      | Found a runed door.
  3115 | D:4      | Noticed Crazy Yiuf
  3117 | D:4      | Paralysed by Crazy Yiuf for 5 turns
  3128 | D:4      | Killed Crazy Yiuf
  3128 | D:4      | Reached skill level 5 in Armour
  3128 | D:4      | Reached XP level 6. HP: 22/53 MP: 5/5
  3627 | D:4      | Found a blossoming altar of Fedhas.
  3804 | D:5      | Entered Level 5 of the Dungeon
  3808 | D:5      | Found a glowing drain.
  3828 | Sewer    | Entered a sewer
  4044 | Sewer    | Reached skill level 5 in Axes
  4227 | D:5      | Reached skill level 5 in Fighting
  4227 | D:5      | Reached XP level 7. HP: 26/61 MP: 6/6
  4812 | D:5      | Noticed Eustachio
  4827 | D:5      | Killed Eustachio
  4827 | D:5      | Reached skill level 6 in Axes
  4925 | D:5      | Got a polished ring mail
  4936 | D:5      | Identified the cursed +1 ring mail of the Sun {rC+} (You found it on level 5 of the Dungeon)
  5215 | D:6      | Found a staircase to the Ecumenical Temple.
  5226 | Temple   | Entered the Ecumenical Temple
  5336 | Temple   | Became a worshipper of Ashenzari the Shackled
  5582 | D:6      | Reached XP level 8. HP: 63/69 MP: 7/7
  5615 | D:6      | Found a shattered altar of Ashenzari.
  5619 | D:6      | Saw a vision of the Swamp and the Spider Nest.
  5619 | D:6      | Noticed a wolf spider
  5619 | D:6      | Noticed a wolf spider
  5886 | D:7      | Reached skill level 7 in Axes
  6023 | D:7      | Found a hide-covered altar of Uskayaw.
  6027 | D:7      | Found a glowing golden altar of the Shining One.
  6029 | D:7      | Found an ancient bone altar of Kikubaaqudgha.
  6041 | D:7      | Reached skill level 8 in Axes
  6373 | D:7      | Reached XP level 9. HP: 76/78 MP: 8/8
  6405 | D:7      | Learned a level 1 spell: Confusing Touch
  6473 | D:7      | Found a basalt altar of Yredelemnul.
  6558 | D:7      | Reached skill level 9 in Axes
  7020 | D:8      | Reached skill level 1 in Hexes
  7310 | D:8      | Reached * piety under Ashenzari
  7636 | D:8      | Reached skill level 10 in Axes
  7724 | D:9      | Noticed a two-headed ogre
  7761 | D:8      | Killed a two-headed ogre
  7761 | D:8      | Reached skill level 5 in Dodging
  8031 | D:9      | Reached XP level 10. HP: 88/88 MP: 9/9
  8232 | D:9      | Killed an unseen horror
  8232 | D:9      | Reached skill level 11 in Axes
  8337 | D:9      | Noticed an eight-headed hydra
  8408 | D:8      | Slain by an eight-headed hydra

Skill      XL: |  1  2  3  4  5  6  7  8  9 10 |
---------------+-------------------------------+-----
Fighting       | 4 5 6 7 8 |  8.2
Armour         | 4 5 6 7 |  7.7
Shields        | 4 5 6 7 8 |  8.6
Axes           | 3 4 5 6 8 10 11 | 11.1
Dodging        | 1 2 4 5 |  5.4
Hexes          | 1 |  1.1

Action                   |  1- 3 |  4- 6 |  7- 9 | 10-12 || total
-------------------------+-------+-------+-------+-------++-------
Melee: War axe           |    77 |   133 |   302 |    32 ||   544
       Headbutt          |     8 |    20 |    85 |     6 ||   119
Invok: Curse Item        |       |       |     2 |       ||     2
Evoke: Wand              |       |       |       |     1 ||     1
  Use: Potion            |     1 |     3 |     1 |       ||     5
       Scroll            |       |       |     5 |     3 ||     8
  Eat: Chunk             |       |     6 |    13 |       ||    19
       Bread ration      |       |     1 |       |       ||     1
       Meat ration       |       |       |     1 |       ||     1
Armor: Scale mail        |    51 |    55 |    16 |       ||   122
       Ring mail         |       |       |    82 |    24 ||   106
Dodge: Dodged            |    38 |    37 |   108 |    26 ||   209
Block: Shield            |    56 |    68 |   157 |    21 ||   302
